cohdb
Replays
Latest Replays
All Replays
Popular Replays
Top Player Replays
Match Explorer
How It Works
Community
CoH3 Stats
Reddit
Sign in to upload your games and track your stats! →
Sign in with Steam
Match 41065105
Unlisted
Match 41065105
Overview
Messages
Build Orders
End
Kradschützen Motorcycle Team
250 Light Carrier
Panzergrenadier Squad
Construct Light Support Kompanie
MG34 Team
Combat Half-tracks
Fire Support Elements
Pak 38 Mechanized Group
Flakvierling Half-track
MG34 Team
2.5-tonne Medical Truck
Selects Italian Infantry
Selects Defensive Operations
Selects Prepared Positions
Vehicle Survival Package
Construct Mechanized Kompanie
Emergency Repair Kits
le.IG 18 Mechanized Group
StuG III D Assault Gun
Selects Obice 305mm Barrage
StuG III D Assault Gun
Obice 305mm Barrage
StuG III D Assault Gun
2.5-tonne Medical Truck
Rapid Advance
Selects Guastatori Squad
Selects Registered Artillery
Selects Towed Cannone da 105/28 Field Howitzer
ratharano
三号战车
聽取蛙聲一片
sss
秃鹫k
Gear-IV-G
ForestJun
GOOD
0
0
Comments
sign in to comment!
No comments posted yet!